 Dungeon Crawl Stone Soup version 0.27-a0-156-gbcd94eb011 (webtiles) character file.

Game seed: 6916488421782224669

1127 wahza the Magician (level 8, 0/48 HPs)
             Began as a Deep Elf Fire Elementalist on Jan 26, 2021.
             Was an Initiate of Vehumet.
             Shot with an arrow by a centaur (11 damage)
             ... on level 6 of the Dungeon on Jan 27, 2021.
             The game lasted 00:39:22 (4446 turns).

wahza the Magician (Deep Elf Fire Elementalist)     Turns: 4446, Time: 00:39:22

Health: 0/48       AC:  3    Str:  5    XL:     8   Next: 13%
Magic:  10/19      EV: 13    Int: 23    God:    Vehumet [......]
Gold:   275        SH:  0    Dex: 15    Spells: 3/19 levels left

rFire    . . .     SeeInvis .   D - +4 quarterstaff (chaos)
rCold    . . .     Faith    .   (shield currently unavailable)
rNeg     + . .     Spirit   .   a - +0 robe
rPois    .         Reflect  .   (no helmet)
rElec    .         Harm     .   E - +0 cloak
rCorr    .         Rampage  .   (no gloves)
Will     +....                  (no boots)
Stlth    ++........             (no amulet)
HPRegen  0.16/turn              n - ring of positive energy
MPRegen  0.16/turn              t - ring of willpower

@: no status effects
A: no striking features
a: Renounce Religion


You were on level 6 of the Dungeon.
You worshipped Vehumet.
Vehumet was noncommittal.
You visited 2 branches of the dungeon, and saw 7 of its levels.

You collected 275 gold pieces.

Inventory:

Hand Weapons
 g - a +1 dagger of draining
 D - a +4 quarterstaff of chaos (weapon)
Missiles
 d - 36 arrows
 s - 8 poisoned darts (quivered)
 x - 4 atropa-tipped darts
Armour
 a - a +0 robe (worn)
 q - a +2 leather armour of poison resistance
 E - a +0 cloak (worn)
Jewellery
 n - a ring of positive energy (left hand)
 t - a ring of willpower (right hand)
Wands
 y - a wand of flame (11)
 C - a wand of mindburst (13)
Scrolls
 b - 2 scrolls of amnesia {unknown}
 c - 3 scrolls of teleportation
 e - 4 scrolls of remove curse
 h - 3 scrolls of identify
 k - a scroll of magic mapping {unknown}
 p - a scroll of noise {unknown}
 r - 3 scrolls of enchant armour {unknown}
 w - a scroll of random uselessness {unknown}
 A - a scroll of immolation {unknown}
Potions
 f - 6 potions of heal wounds {unknown}
 i - a potion of haste {unknown}
 j - 2 potions of might {unknown}
 l - a potion of invisibility {unknown}
 m - 2 potions of flight {unknown}
 o - 2 potions of lignification {unknown}
 u - 2 potions of mutation {unknown}
 v - a potion of cancellation {unknown}
 z - a potion of degeneration {unknown}
 B - a potion of curing {unknown}


   Skills:
 - Level 4.1 Fighting
 - Level 2.4 Dodging
 - Level 2.4 Stealth
 + Level 6.4 Spellcasting
 + Level 4.8 Conjurations
 - Level 2.8 Hexes
 + Level 5.9 Fire Magic


You had 3 spell levels left.
You knew the following spells:

 Your Spells              Type           Power        Failure   Level
a - Foxfire               Conj/Fire      100%         1%          1
b - Conjure Flame         Conj/Fire      32%          2%          3
c - Inner Flame           Hex/Fire       27%          4%          3
d - Sticky Flame          Conj/Fire      32%          9%          4
e - Fireball              Conj/Fire      16%          24%         5

Your spell library contained the following spells:

 Spells                   Type           Power        Failure   Level


Dungeon Overview and Level Annotations

Branches:
Dungeon (6/15)             Temple (1/1) D:5

Altars:
Ashenzari
Cheibriados
Elyvilon
Fedhas
Gozag
Hepliaklqana
Kikubaaqudgha
Makhleb
Nemelex Xobeh
Okawaru
Qazlal
Ru
Sif Muna
Trog
Uskayaw
Vehumet
Wu Jian
Xom
Yredelemnul
Zin
The Shining One

Shops:
D:5 *   D:6 !


Message History

The gnoll shouts!
The foxfire hits the gnoll.
The gnoll is moderately wounded.
The foxfire hits the gnoll.
The gnoll is almost dead.
The centaur shoots an arrow.
The arrow barely misses you.
A giant cockroach comes into view.
The worker ant waves its antennae.
As you read the scroll labelled MIOGOR IMEIL, it crumbles to dust.
You feel blessed for a moment.
It was a scroll of remove curse.
The centaur shoots an arrow.
The arrow hits you.
* * * LOW HITPOINT WARNING * * *
Casting: Foxfire (safe; 1% risk of failure)
Confirm with . or Enter, or press ? or * to list all spells.
Okay, then.
As you read the scroll labelled SERPHE HAMUMIZEIRRI, it crumbles to dust.
It is a scroll of identify.
c - 3 scrolls of teleportation The centaur shoots an arrow.
The arrow hits you!
You die...

##.##### ≈≈≈≈##
###.##.### ##.#
≈∩.... #........#
##.# ≈≈≈##
#.#.##...# ##.#
≈≈## #.#.###..###
##.####
#######.#....<.#..
.......
...............'..
##.####
##.....#.#.#.. # #
######B#####.#....
##
#@...§c....#.##...
.#
#§#####.##.#.##...
.# #g# ... #.##.##
...# .B#
.vB.#.##..# ...#
#.g. ....#.###.#
..... #.##
....#...... ......
#. .##B######.
..###. .. .# .# #.
..# .. #####.


You could see a centaur, a worker ant, 2 gnolls and a giant cockroach.

Vanquished Creatures
  Eustachio (D:6)
  A sky beast (D:5)
  A phantom (D:4)
  A bullfrog (D:6)
  4 wights (D:6)
  A bullfrog zombie (D:6)
  A hound (D:4)
  2 orc wizards
  Crazy Yiuf (D:6)
  2 centaur skeletons (D:6)
  Jessica (D:3)
  A gnoll shaman (D:6)
  3 worker ants
  Natasha (thrice) (D:3)
  An iguana (D:5)
  A worker ant zombie (D:2)
  A gnoll (D:6)
  3 adders
  A shadow imp (D:5)
  An ufetubus (D:5)
  3 oozes (D:2)
  2 worms
  4 dart slugs (D:5)
  3 leopard geckos
  5 orcs
  9 bats
  2 giant cockroaches
  2 goblins (D:1)
  8 hobgoblins
  3 jackals (D:3)
  2 ball pythons
  7 frilled lizards
  9 kobolds
  A quokka zombie (D:4)
  5 rats
96 creatures vanquished.

Vanquished Creatures (others)
  296 foxfires
296 creatures vanquished.

Grand Total: 392 creatures vanquished

Notes
Turn   | Place    | Note
-------+----------+-------------------------------------------
     0 | D:1      | wahza the Deep Elf Fire Elementalist began the quest for
                  | the Orb.
     0 | D:1      | Reached XP level 1. HP: 10/10 MP: 6/6
   174 | D:1      | Reached XP level 2. HP: 15/15 MP: 6/8
   548 | D:2      | Reached XP level 3. HP: 17/19 MP: 7/10
   553 | D:2      | Learned a level 3 spell: Conjure Flame
   557 | D:2      | Learned a level 3 spell: Inner Flame
   744 | D:2      | Reached skill level 4 in Spellcasting
  1011 | D:2      | Reached XP level 4. HP: 20/24 MP: 6/12
  1088 | D:3      | Noticed Jessica
  1114 | D:3      | Killed Jessica
  1132 | D:3      | Reached skill level 1 in Hexes
  1239 | D:3      | Noticed Natasha
  1256 | D:3      | Killed Natasha
  1257 | D:3      | Reached XP level 5. HP: 28/28 MP: 4/14
  1445 | D:3      | Noticed Natasha
  1452 | D:3      | Killed Natasha
  1587 | D:3      | Reached skill level 5 in Spellcasting
  1590 | D:3      | Noticed Natasha
  1600 | D:3      | Killed Natasha
  1848 | D:3      | Reached XP level 6. HP: 32/32 MP: 11/15
  2117 | D:4      | Learned a level 4 spell: Sticky Flame
  2124 | D:4      | Found a burning altar of Makhleb.
  2129 | D:4      | Reached skill level 5 in Fire Magic
  2515 | D:5      | Entered Level 5 of the Dungeon
  2609 | D:5      | Found a staircase to the Ecumenical Temple.
  2625 | Temple   | Entered the Ecumenical Temple
  2678 | Temple   | Became a worshipper of Vehumet
  3090 | D:5      | Found Wexuh's Assorted Antiques.
  3093 | D:5      | Upgraded the game from 0.27-a0-148-g9515ab555c to
                  | 0.27-a0-156-gbcd94eb011
  3096 | D:5      | Noticed a sky beast
  3114 | D:5      | Killed a sky beast
  3115 | D:5      | Reached XP level 7. HP: 41/41 MP: 6/16
  3345 | D:6      | Found Jenn's Distillery.
  3667 | D:5      | Learned a level 5 spell: Fireball
  3672 | D:6      | Noticed Eustachio
  3837 | D:6      | Killed Eustachio
  3852 | D:6      | Reached skill level 6 in Spellcasting
  3987 | D:6      | Found a runed translucent door.
  3988 | D:6      | Noticed Crazy Yiuf
  3996 | D:6      | Killed Crazy Yiuf
  4221 | D:6      | Reached XP level 8. HP: 19/48 MP: 4/19
  4446 | D:6      | Shot with an arrow by a centaur

Illustrated notes

Levels and vault maps discovered:
D:1:      lightli_arrival_boilingwater, layout_basic,
          chequers_serial_rivers_large_a, nrook_campfire
D:2:      layout_basic
D:3:      layout_loops_ring, uniq_natasha, uniq_jessica
D:4:      layout_basic, makhleb_heckhound_becter
D:5:      kennysheep_slugbush, layout_basic, minmay_temple_entry_large_hall,
          serial_shops, kennysheep_mini_moat
D:6:      layout_basic, serial_shops, nicolae_shop_waterfront,
          gammafunk_ghost_cemetery, uniq_crazy_yiuf_cottage, uniq_eustachio
Temple:   kilobyte_greek_temple

Skill      XL: |  1  2  3  4  5  6  7 |
---------------+----------------------+-----
Conjurations   | 2 3 4 |  4.8
Spellcasting   | 4 5 6 |  6.4
Fire Magic     | 4 5 |  5.9
Hexes          | 1 2 |  2.8
Fighting       | 3 4 |  4.1
Dodging        | |  2.4
Stealth        | |  2.4

Action                   |  1- 3 |  4- 6 |  7- 9 || total
-------------------------+-------+-------+-------++-------
Melee: Dagger            |     6 |    17 |    13 ||    36
       Quarterstaff      |       |       |     3 ||     3
Throw: Dart              |       |     5 |       ||     5
 Cast: Foxfire           |    51 |    98 |    40 ||   189
       Conjure Flame     |     2 |     6 |     8 ||    16
       Inner Flame       |       |     4 |       ||     4
       Sticky Flame      |       |     1 |     7 ||     8
  Use: Scroll            |       |       |     2 ||     2
Armor: Robe              |     1 |     4 |     2 ||     7
Dodge: Dodged            |     8 |    17 |    19 ||    44

Table legend: (Time is in decaauts)
 A = Elapsed time spent in this place.
 B = Non-inter-level travel time spent in this place.
 C = Inter-level travel time spent in this place.
 D = Time resting spent in this place.
 E = Time spent auto-exploring this place.
 F = Levels seen in this place.
 G = Mean time per level.
                   A        B        C        D        E       F      G
               +--------+--------+--------+--------+--------+-----+--------+
         Total |   4496 |   4184 |    312 |   1033 |     33 |   7 |  642.3 |
       Dungeon |   4408 |   4096 |    312 |   1033 |     33 |   6 |  734.7 |
        Temple |     87 |     87 |      0 |      0 |      0 |   1 |   87.0 |
               +--------+--------+--------+--------+--------+-----+--------+

Top non-repeatable levels by time:
     D:5: 1104 daAuts
     D:3: 801 daAuts
     D:6: 760 daAuts
     D:2: 624 daAuts
     D:4: 624 daAuts
     D:1: 492 daAuts
  Temple: 87 daAuts
